cohdb
Replays
Latest Replays
All Replays
Popular Replays
Top Player Replays
Match Explorer
How It Works
Community
CoH3 Stats
Reddit
Sign in to upload your games and track your stats! →
Sign in with Steam
Match 42057275
Unlisted
Match 42057275
Overview
Messages
Build Orders
End
Construct Infanterie Kompanie
MG 42 Machine Gun Team
Grenadier Squad
Grenadier Squad
GrW 34 Mortar Team
Construct Luftwaffe Kompanie
Pioneer Squad
Selects Terror Battlegroup
Selects Machine Gun Camouflage
Selects Interrogate
MG 42 Machine Gun Team
Support Elements
Jäger Squad
Wirbelwind Flakpanzer
Jäger Squad
Selects Jericho Trumpet
Medical Station
MG 42 Machine Gun Team
Construct Panzergrenadier Kompanie
Valentine
Andra
JINUGI
Super-MarioBalo
Bruistablet
Icefire
0
0
Comments
sign in to comment!
No comments posted yet!